 Dungeon Crawl Stone Soup version 0.30-a0-222-ge547ba4400 (webtiles) character file.

Game seed: 11376980697033524005

609 lunkers the Tainter (level 8, 0/93 HPs)
             Began as a Meteoran Wanderer on Oct 8, 2022.
             Was a Follower of Uskayaw.
             Succumbed to an adder's poison
             ... on level 5 of the Dungeon.
             The game lasted 00:06:56 (1100 turns).

lunkers the Tainter (Meteoran Wanderer)             Turns: 1100, Time: 00:06:57

Health: 0/93       AC: 24    Str: 13    XL:     8   Next: 2%
Magic:  1/15       EV:  2    Int: 16    God:    Uskayaw [*.....]
Gold:   92         SH:  0    Dex: 14    Spells: 9/15 levels left

rFire   . . .      SeeInvis .    a - +1 war axe (vorpal)
rCold   . . .      Faith    .    f - orb {mayhem}
rNeg    + . .      Spirit   .    (body armour currently unavailable)
rPois   +          Reflect  .    (helmet currently unavailable)
rElec   .          Harm     .    (cloak currently unavailable)
rCorr   .          Rampage  .    (gloves currently unavailable)
Will    ++...      NoTele   +    (boots currently unavailable)
Stlth   +.........               (no amulet)
HPRegen 0.35/turn                o - ring of willpower
MPRegen 0.14/turn                x - ring of positive energy

@: lethally poisoned (0 -> -8), tree-form, glowing
A: stationary, stasis, torment immunity, boosted hp, sense surroundings 1,
otherworldly, glowing, explore regen
a: Renounce Religion, Stomp


You were on level 5 of the Dungeon.
You worshipped Uskayaw.
Uskayaw was noncommittal.
You were a tree.
You visited 1 branch of the dungeon, and saw 5 of its levels.

You collected 92 gold pieces.

Inventory:

Hand Weapons
 a - a +1 vorpal war axe (weapon)
 v - a +0 dagger
Armour
 d - a +0 robe (melded)
 f - an orb of mayhem (worn)
 k - a +0 ring mail
 m - a +0 cloak (melded)
Jewellery
 o - a ring of willpower (left branch)
 x - a ring of positive energy (right branch)
Wands
 p - a wand of roots (5)
 q - a wand of polymorph (4)
 w - a wand of charming (9)
Scrolls
 g - a scroll of immolation {unknown}
 i - a scroll of acquirement {unknown}
 j - 2 scrolls of teleportation {unknown}
 r - a scroll of noise {unknown}
 s - 2 scrolls of identify
 t - a scroll of vulnerability {unknown}
 u - a scroll of enchant armour {unknown}
Potions
 e - a potion of attraction
 h - a potion of haste
 l - 3 potions of might
 n - a potion of mutation
Miscellaneous
 b - a piece from Xom's chessboard (14/15)


   Skills:
 + Level 2.8 Fighting
 - Level 1.4 Short Blades
 - Level 4.0 Axes
 - Level 1.0 Stealth
 - Level 4.0 Spellcasting
 - Level 2.0 Air Magic
 - Level 8.0 Poison Magic
 - Level 2.4 Evocations


You had 9 spell levels left.
You knew the following spells:

 Your Spells              Type           Power      Damage    Failure   Level
a - Poisonous Vapours     Pois/Air       38%        N/A       3%          2
b - Sting                 Tmut/Pois      64%        1d6       3%          1
c - Mephitic Cloud        Conj/Pois/Air  13%        N/A       13%         3

Your spell library contained the following spells:

 Spells                   Type           Power      Damage    Failure   Level
 Sublimation of Blood     Necr           3%         N/A       26%         2
 Wereblood                Tmut           3%         N/A       26%         2
 Tukima's Dance           Hex            3%         N/A       45%         3
 Passage of Golubria      Tloc           3%         N/A       86%         4
 Yara's Violent Unravell  Hex/Tmut       1%         3d3       99%         5
 Summon Hydra             Summ           1%         N/A       100%        7


Dungeon Overview and Level Annotations

Branches:
Dungeon (5/15) Zot: 1892
 Temple: D:4-7

Altars:
Fedhas
Uskayaw

Shops:
D:1 ?(   D:3 ?


Innate Abilities, Weirdness & Mutations

You are a tree.
Your roots penetrate the ground, keeping you stationary.
You cannot be teleported.
You are immune to unholy pain and torment.
Your maximum health is greatly increased.
Your equipment is partially melded.
You passively map a small area around you.
You are easily found by Zot.
You glow in the dark.
You regain HP and MP as you explore.


Message History

The gnoll closely misses the adder.
Aiming: Fastroot
Press: ? - help, Shift-Dir - straight line, f/p - gnoll
Aim: a gnoll, wielding a +0 spear (severely wounded, fast, strong, frenzied and insane, not watching you, extremely poisoned)
The roots erupt in riotous growth!
Roots grab the gnoll.
Roots grab the adder.
The grasping roots constrict the adder.
The grasping roots constrict the gnoll.
You kill the gnoll!
The adder flies into a frenzy!
You hear a shout! x3; The adder hisses angrily.
The adder escapes!
The adder bites you.
* * * LOW HITPOINT WARNING * * *
Your piece from Xom's chessboard (14/15) has regained one charge.
Unknown command.
You closely miss the adder.
The adder is heavily wounded.
The adder bites you.
* * * LOW HITPOINT WARNING * * *
The adder bites you.
* * * LOW HITPOINT WARNING * * *
You are lethally poisoned!
The adder poisons you! The adder bites you.
* * * LOW HITPOINT WARNING * * *
You are more poisoned.
The adder poisons you!
Really quaff the potion of lignification?
You turn into a tree.
Your +0 cloak melds into your body.
Your +0 robe melds into your body.
Your roots penetrate the ground.
* * * LOW HITPOINT WARNING * * *
You feel very sick.
The adder bites you but does no damage. x2
Unknown command.
Aiming: Fastroot
Press: ? - help, Shift-Dir - straight line The roots erupt in riotous growth!
Roots grab the adder.
The grasping roots constrict the adder.
You kill the adder!
The gnoll flies into a frenzy!
You die...

* #....#* * #....# . *
.###....#### ..
...........#... *
######........g....) ,
####...........g.g....S
*#...........g...g..g...
* #<.).......<.#** *
#)♣.........## , ,*
*#.....####### , , **
,#.......# *, ,
............. ,, ,
##....$.....## *
#............**, * *
#..........### , ,
...........# *
............# , ~


You could see a neutral gnoll (fast, strong, insane).

Vanquished Creatures
  Sigmund (D:2)
  A chaos spawn (D:4)
  An ogre (D:5)
  A hound (D:4)
  Natasha (thrice) (D:3)
  3 gnolls
  2 adders
  A worm (D:3)
  A dart slug (D:3)
  An orc (D:3)
  4 ball pythons
  2 bats
  2 endoplasms
  4 giant cockroaches
  3 goblins (D:1)
  2 hobgoblins
  A quokka (D:3)
  5 frilled lizards
  4 kobolds
  4 rats (D:1)
46 creatures vanquished.

Vanquished Creatures (collateral kills)
  A bullfrog (D:5)
1 creature vanquished.

Vanquished Creatures (others)
  A ball python (D:1)
  A plant (D:1)
2 creatures vanquished.

Grand Total: 49 creatures vanquished

Notes
Turn   | Place    | Note
-------+----------+-------------------------------------------
     0 | D:1      | lunkers the Meteoran Wanderer began the quest for the Orb.
     0 | D:1      | lunkers set off with the following items: a +0 dagger, a
                  | piece from Xom's chessboard (15/15), a potion of
                  | lignification, a +0 robe, a potion of attraction; and the
                  | following spell memorised: Sting; and the following spells
                  | available to memorise: Poisonous Vapours, Mephitic Cloud.
     0 | D:1      | Reached XP level 1. HP: 16/16 MP: 6/6
    46 | D:1      | Found Plog's Magic Scroll Shop.
    81 | D:1      | Reached skill level 4 in Poison Magic
    90 | D:1      | Reached XP level 2. HP: 23/23 MP: 4/8
   114 | D:1      | Reached XP level 3. HP: 23/28 MP: 0/9
   119 | D:1      | Found Mohuhugg's Weapon Boutique.
   148 | D:1      | Learned a level 2 spell: Poisonous Vapours
   225 | D:1      | Reached skill level 5 in Poison Magic
   236 | D:1      | Found a faded altar of an unknown god.
   255 | D:1      | Prayed at the altar of an unknown god.
   255 | D:1      | Became a worshipper of Uskayaw the Reveller
   255 | D:1      | Reached * piety under Uskayaw
   286 | D:2      | Reached ** piety under Uskayaw
   326 | D:2      | Learned a level 3 spell: Mephitic Cloud
   375 | D:2      | Noticed Sigmund
   394 | D:2      | Killed Sigmund
   395 | D:2      | Reached skill level 7 in Poison Magic
   395 | D:2      | Reached XP level 4. HP: 14/35 MP: 1/11
   395 | D:2      | Reached XP level 5. HP: 16/40 MP: 1/12
   395 | D:2      | Reached XP level 6. HP: 19/47 MP: 1/13
   445 | D:3      | Noticed Natasha
   454 | D:3      | Killed Natasha
   455 | D:3      | Reached skill level 1 in Air Magic
   462 | D:3      | Found a blossoming altar of Fedhas.
   558 | D:3      | Noticed Natasha
   565 | D:3      | Killed Natasha
   643 | D:3      | Noticed Natasha
   648 | D:3      | Killed Natasha
   649 | D:3      | Reached skill level 8 in Poison Magic
   682 | D:3      | Found Ytelloat's Magic Scroll Boutique.
   927 | D:4      | Reached skill level 1 in Short Blades
   927 | D:4      | Reached XP level 7. HP: 30/52 MP: 1/14
   988 | D:5      | Entered Level 5 of the Dungeon
   999 | D:4      | Noticed Grinder
  1000 | D:4      | Grinder changed into Grinder the chaos spawn
  1000 | D:4      | Noticed Grinder
  1009 | D:4      | Reached *** piety under Uskayaw
  1010 | D:4      | Killed Grinder the chaos spawn
  1092 | D:5      | Reached XP level 8. HP: 56/62 MP: 5/15
  1098 | D:5      | HP: 3/62 [adder (4)]
  1100 | D:5      | Succumbed to an adder's poison

Illustrated notes

Levels and vault maps discovered:
D:1:      dpeg_arrival_round_a, layout_rooms, serial_shops, shop,
          nicolae_shop_bloodbath_and_beyond, nicolae_shop_trees, shop,
          nicolae_square_shop, shapermc_ecumenical_altar_petra
D:2:      layout_rooms, serial_shops, nicolae_shop_trees, shop, shop,
          basic_altar, minmay_tromino_v4_a, uniq_sigmund
D:3:      layout_basic, mainiacjoe_overflow_boulevard, serial_glass,
          glass_columns_a, glass_columns_b, gammafunk_ghost_icy, serial_shops,
          nicolae_square_shop, shop_scrolls, fountainhead, uniq_natasha
D:4:      layout_layer_cave, uniq_ijyb, uniq_grinder
D:5:      minmay_evil_eye, layout_rooms, kennysheep_little_box, nzn_random_ring

Skill      XL: |  1  2  3  4  5  6  7 |
---------------+----------------------+-----
Poison Magic   | 4 7 8 |  8.0
Air Magic      | 2 |  2.0
Short Blades   | 1 |  1.4
Axes           | 4 |  4.0
Fighting       | 2 |  2.8
Stealth        | |  1.0
Spellcasting   | |  4.0
Evocations     | |  2.4

Action                   |  1- 3 |  4- 6 |  7- 9 || total
-------------------------+-------+-------+-------++-------
Melee: Dagger            |    41 |    45 |       ||    86
       War axe           |       |       |     6 ||     6
 Cast: Sting             |    17 |       |       ||    17
       Poisonous Vapours |    15 |    44 |    14 ||    73
Evoke: Piece from Xom's  |     5 |       |     3 ||     8
       Wand              |       |       |     6 ||     6
  Use: Scroll            |       |     3 |       ||     3
       Potion            |       |       |     1 ||     1
 Stab: Confused          |     2 |       |       ||     2
Armor: Robe              |     7 |    16 |     1 ||    24
       Skin              |       |       |     2 ||     2
Dodge: Dodged            |    12 |    28 |     6 ||    46

Table legend: (Time is in decaauts)
 A = Elapsed time spent in this place.
 B = Non-inter-level travel time spent in this place.
 C = Inter-level travel time spent in this place.
 D = Time resting spent in this place.
 E = Time spent auto-exploring this place.
 F = Levels seen in this place.
 G = Mean time per level.
                   A        B        C        D        E       F      G
               +--------+--------+--------+--------+--------+-----+--------+
         Total |   1107 |   1023 |     84 |      0 |    451 |   5 |  221.4 |
       Dungeon |   1107 |   1023 |     84 |      0 |    451 |   5 |  221.4 |
               +--------+--------+--------+--------+--------+-----+--------+

Top non-repeatable levels by time:
     D:4: 356 daAuts
     D:3: 285 daAuts
     D:1: 268 daAuts
     D:2: 174 daAuts
     D:5: 21 daAuts
